 Dungeon Crawl Stone Soup version 0.24-a0-784-g601f8f6d22 (webtiles) character file.

Game seed: 13392776485446632933, levelgen mode: deterministic

600 Dycilia the Poker (level 7, 0/53 HPs)
             Began as a Merfolk Skald on Oct 8, 2019.
             Was a Believer of Ru.
             Splashed by a jelly's acid (11 damage)
             ... on level 4 of the Dungeon on Oct 9, 2019.
             The game lasted 00:31:20 (5670 turns).

Dycilia the Poker (Merfolk Skald)                   Turns: 5670, Time: 00:31:20

Health: 0/53       AC: -1    Str: 13    XL:     7   Next: 41%
Magic:  11/12      EV: 12    Int: 13    God:    Ru [**....]
Gold:   215        SH:  0    Dex: 13    Spells: 11/12 levels left

rFire    . . .     SeeInvis .   a - +0 spear
rCold    . . .     Gourm    .   (no shield)
rNeg     . . .     Faith    .   j - +0 ring mail
rPois    .         Spirit   .   (no helmet)
rElec    .         Reflect  .   (no cloak)
rCorr    .         Harm     .   (no gloves)
MR       .....                  g - +0 pair of boots
Stlth    +.........             (no amulet)
HPRegen  0.17/turn              (no ring)
MPRegen  0.13/turn              (no ring)

@: infused, corroded
A: change form in water, swift swim, stealthy swim, inability to use devices
a: Renounce Religion


You were on level 4 of the Dungeon.
You worshipped Ru.
Ru was pleased with you.
You were not hungry.

You visited 1 branch of the dungeon, and saw 4 of its levels.

You collected 215 gold pieces.

Inventory:

Hand Weapons
 a - a +0 spear (weapon)
Armour
 g - a +0 pair of boots (worn)
 j - a +0 ring mail (worn)
Scrolls
 b - a scroll of noise {unknown}
 c - 4 scrolls of remove curse
 f - a scroll of identify {unknown}
 h - 2 scrolls of fog {unknown}
 l - a scroll of enchant weapon {unknown}
 n - a scroll of amnesia {unknown}
 o - a scroll of magic mapping {unknown}
 r - a scroll of teleportation {unknown}
Potions
 e - 3 potions of heal wounds {unknown}
 p - 3 potions of curing {unknown}
 q - 2 potions of lignification {unknown}
Comestibles
 d - 6 rations
 i - 3 chunks of flesh


   Skills:
 + Level 3.9 Fighting
 + Level 5.3 Polearms
 + Level 2.3 Armour
 + Level 4.8 Dodging
 + Level 3.4 Spellcasting
 + Level 4.8 Charms


You had 11 spell levels left.
You knew the following spells:

 Your Spells              Type           Power        Failure   Level  Hunger
a - Infusion              Chrm           ##..         6%          1    #......

Your spell library contained the following spells:

 Spells                   Type           Power        Failure   Level  Hunger
 Song of Slaying          Chrm           ##......     10%         2    ##.....
 Shroud of Golubria       Chrm/Tloc      #.....       26%         2    ##.....
 Magic Dart               Conj           #...         43%         1    #......
 Regeneration             Chrm/Necr      #.........   45%         3    ###....
 Spectral Weapon          Hex/Chrm       #.......     45%         3    ###....
 Searing Ray              Conj           #.....       56%         2    ##.....
 Dazzling Spray           Conj/Hex       #.....       80%         3    ###....
 Force Lance              Conj/Tloc      #.......     99%         4    #####..
 Fulminant Prism          Conj/Hex       #.........   99%         4    #####..
 Iskenderun's Mystic Bla  Conj           #.......     99%         4    #####..


Dungeon Overview and Level Annotations

Branches:
Dungeon (4/15)
 Temple: D:4-7

Altars:
Ru


Innate Abilities, Weirdness & Mutations

You revert to your normal form in water.
You are very nimble and swift while swimming.
You are very stealthy in the water. (Stealth+)
You cannot study or use magical devices.


Message History

There is an open gate here.
Things that are here:
a cursed -1 short sword; 2 poisoned darts You see here a stone.
You see here a stone.
You see here 6 stones.
There is an escape hatch in the floor here.
You see here 2 stones.
You see here a twisted smoking staff.
Casting: Infusion (safe; 6% risk of failure)
Confirm with . or Enter, or press ? or * to list all spells.
You begin infusing your attacks with magical energy.
The jelly hits you.
You are splashed with acid!
* * * LOW HITPOINT WARNING * * *
You barely miss the jelly.
The jelly is moderately wounded.
The jelly hits you.
* * * LOW HITPOINT WARNING * * *
You are splashed with acid!
You die...

###...#......# #..##.#
#.# .#....+......#
##.##.# #.#
##....#......## #..#.#
#.# ##............#
##.#.# #.#
....>(........# #...#
#.# #.............#
##..# #.#
#.......|.....# #..# #.#
#..(.(........######..##
#.#
#.....#.......JJ@....>.#
#.#
#.....#############....#
#.# ...#### #....# #.#
#### #....# #.# #....#
#.# #...(# #.# #....#
#.# ###### #.# #.#


You could see a jelly and an ooze.

Vanquished Creatures
  An ogre (D:4)
  2 big kobolds (D:3)
  A hound (D:4)
  2 worker ants (D:4)
  A mummy (D:4)
  6 gnolls (D:3)
  6 adders
  4 oozes
  An adder skeleton (D:4)
  2 worms
  2 dart slugs
  4 leopard geckos
  2 ball pythons
  8 bats
  4 giant cockroaches
  33 goblins
  30 hobgoblins
  8 jackals
  19 kobolds
  3 frilled lizards
  3 hobgoblin zombies (D:4)
  A kobold zombie (D:4)
  10 rats
153 creatures vanquished.

Vanquished Creatures (others)
  4 fungi (D:4)
  7 toadstools (D:4)
11 creatures vanquished.

Grand Total: 164 creatures vanquished

Notes
Turn   | Place    | Note
-------+----------+-------------------------------------------
     0 | D:1      | Dycilia the Merfolk Skald began the quest for the Orb.
     0 | D:1      | Reached XP level 1. HP: 16/16 MP: 3/3
   296 | D:1      | Reached XP level 2. HP: 22/22 MP: 3/5
   428 | D:1      | Reached skill level 1 in Armour
   591 | D:1      | Reached XP level 3. HP: 27/28 MP: 0/6
  1045 | D:2      | Reached XP level 4. HP: 29/34 MP: 1/7
  1386 | D:2      | Reached skill level 4 in Polearms
  1510 | D:2      | Found a sacrificial altar of Ru.
  1554 | D:2      | Became a worshipper of Ru the Awakened
  1856 | D:3      | Upgraded the game from 0.24-a0-779-g36f0aeb843 to
                  | 0.24-a0-784-g601f8f6d22
  2096 | D:3      | Reached XP level 5. HP: 40/40 MP: 0/8
  3015 | D:3      | Noticed a big kobold
  3015 | D:3      | Noticed a big kobold
  3318 | D:3      | Killed a big kobold
  3318 | D:3      | Reached XP level 6. HP: 46/47 MP: 10/10
  3896 | D:3      | Gained mutation: You cannot study or use magical devices.
                  | [Ru sacrifice]
  3896 | D:3      | Reached * piety under Ru
  3896 | D:3      | Reached ** piety under Ru
  4326 | D:3      | Reached skill level 5 in Polearms
  4658 | D:4      | Reached XP level 7. HP: 28/53 MP: 4/12
  5670 | D:4      | Splashed by a jelly's acid

Levels and vault maps discovered:
D:1:      lemuel_arrival_behind_the_door_large, layout_loops_ring,
          nrook_loot_triangle, minivault_26
D:2:      layout_rooms, nicolae_ru_path_of_blood, first_ration
D:3:      minmay_goblin_kobold_castle, layout_basic
D:4:      cheibrodos_fertilizer, layout_basic, serial_shops, shop,
          minmay_mini_ossuary

Skill      XL: |  1  2  3  4  5  6 |
---------------+-------------------+-----
Armour         | 1 2 |  2.3
Dodging        | 3 4 |  4.8
Polearms       | 4 5 |  5.3
Charms         | 4 |  4.8
Fighting       | 3 |  3.9
Spellcasting   | 3 |  3.4

Action                   |  1- 3 |  4- 6 |  7- 9 || total
-------------------------+-------+-------+-------++-------
Melee: Spear             |   126 |   494 |   108 ||   728
       Tailslap          |       |     4 |       ||     4
 Cast: Infusion          |     3 |     8 |     5 ||    16
Invok: Sacrifice Artific |       |     1 |       ||     1
  Use: Scroll            |       |       |     3 ||     3
  Eat: Chunk             |     1 |    11 |     1 ||    13
       Ration            |       |       |     1 ||     1
Armor: Leather armour    |    19 |       |       ||    19
       Ring mail         |     3 |   118 |    15 ||   136
Dodge: Dodged            |    58 |   234 |    49 ||   341

Table legend:
 A = Non-vault XP
 B = Vault XP
 C = Vault XP percentage of total XP
 D = Non-vault monster count
 E = Vault monster count
 F = Vault count percentage of total count
                 A         B        C        D         E       F
            +---------+---------+-------+---------+---------+-------
      Total |     429 |     429 |  50.0 |      77 |      76 |  49.7
            +---------+---------+-------+---------+---------+-------
        D:1 |      62 |       0 |   0.0 |      31 |       0 |   0.0
        D:2 |      45 |       0 |   0.0 |      13 |       0 |   0.0
        D:3 |      92 |     377 |  80.4 |      25 |      61 |  70.9
        D:4 |     230 |      52 |  18.4 |       8 |      15 |  65.2
            +---------+---------+-------+---------+---------+-------
